AoeStats
← 739697286

Arena

507050419Analyzed
4v4 RM · 17d ago on Sep 16, 2026· 40m 24s· 8 players
Game mode
Random Map
Map size
Large (8 player)
Population
200
Speed
Normal
Resources
Standard
Victory
Conquest
Starting age
Dark Age
Ending age
Imperial Age
RankedLock teamsTeams togetherTeam positionsShared explorationLock speedFull tech treeHidden civsTurbo modeCheats
Victory
Defeat
🇷🇺 Dravidians · Russia
1733
+7
🇫🇮 Saracens · Finland
1656
+9
🇩🇪 Georgians · Germany
1655
+9
🇦🇷 Mongols · Argentina
1618
+20
🇨🇳 Bohemians · China
1522
-10
🇨🇳 Poles · China
1504
-9
🇨🇳 Celts · China
1501
-9
🇨🇳 Japanese · China
1493
-9
m1gzu
10:48 Feudal Age
15:13 Castle Age
13:15 Double-Bit Axe
13:24 Horse Collar
15:26 Light Cavalry
21:55 Wheelbarrow
21:07 Loom
25:00 Heavy Plow
26:07 Bow Saw
26:29 Hand Cart
25:59 Town Watch
28:27 Town Watch
31:48 Imperial Age
29:23 Fletching
29:34 Padded Archer Armor
30:23 Ballistics
30:14 Masonry
30:29 Bodkin Arrow
31:09 Leather Archer Armor
30:52 Crossbowman
31:37 Thumb Ring
32:02 Arbalester
32:43 Bracer
33:11 Conscription
33:24 Ring Archer Armor
33:57 Chemistry
35:23 Coinage
40:19 Scale Mail Armor
40:31 Forging
KhiTans
7:38 Feudal Age
7:08 Loom
8:06 Double-Bit Axe
9:47 Town Watch
14:06 Fletching
20:20 Gold Mining
20:21 Stone Mining
21:36 Scale Mail Armor
24:12 Forging
30:52 Castle Age
31:59 Bodkin Arrow
32:15 Guard Tower
35:18 Svan Towers
35:28 Murder Holes
38:23 Ballistics
38:40 Bow Saw
39:13 Treadmill Crane
43:00 Imperial Age
Eugenius
10:17 Feudal Age
14:07 Castle Age
12:09 Double-Bit Axe
12:29 Horse Collar
15:12 Bow Saw
20:38 Wheelbarrow
21:46 Stone Mining
22:47 Gold Mining
23:25 Loom
24:42 Hand Cart
27:38 Imperial Age
25:32 Scale Mail Armor
25:58 Forging
26:55 Chain Mail Armor
27:55 Squires
28:37 Iron Casting
28:25 Masonry
29:05 Plate Mail Armor
28:57 Conscription
29:23 Heavy Plow
30:26 Blast Furnace
29:12 Arson
30:47 Chemistry
29:58 Fletching
30:56 Elite Urumi Swordsman
31:59 Wootz Steel
34:09 Guilds
34:16 Town Watch
37:00 Coinage
40:24 Banking
Pab10
9:48 Feudal Age
14:09 Castle Age
13:10 Horse Collar
13:49 Double-Bit Axe
19:57 Bow Saw
25:19 Fletching
26:26 Wheelbarrow
25:37 Loom
26:23 Gold Mining
26:23 Stone Mining
27:48 Gold Shaft Mining
27:49 Stone Shaft Mining
27:33 Bodkin Arrow
29:14 Ballistics
32:24 Imperial Age
30:51 Hand Cart
31:07 Padded Archer Armor
31:20 Bloodlines
31:11 Husbandry
32:16 Thumb Ring
32:39 Leather Archer Armor
32:52 Heavy Plow
32:45 Elite Mangudai
34:03 Bracer
35:04 Chemistry
34:58 Drill
34:59 Conscription
34:35 Town Watch
35:23 Parthian Tactics
35:21 Siege Engineers
35:08 Capped Ram
36:10 Siege Ram
37:52 Town Patrol
38:04 Forging
37:59 Scale Barding Armor
38:28 Coinage
38:21 Masonry
38:06 Murder Holes
迷路将军
9:56 Feudal Age
16:29 Castle Age
14:43 Double-Bit Axe
14:58 Horse Collar
18:19 Fervor
19:21 Bow Saw
23:17 Wheelbarrow
22:52 Heavy Plow
25:54 Hand Cart
26:55 Chemistry
30:17 Imperial Age
28:08 Scale Mail Armor
28:18 Forging
28:42 Ballistics
28:06 Treadmill Crane
29:32 Chain Mail Armor
29:07 Fletching
29:18 Padded Archer Armor
29:42 Ballistics
29:06 Pikeman
29:57 Elite Skirmisher
31:00 Bodkin Arrow
31:17 Houfnice
32:53 Squires
33:31 Iron Casting
33:27 Plate Mail Armor
34:48 Town Watch
35:07 Halberdier
35:49 Bracer
36:59 Leather Archer Armor
38:35 Blast Furnace
40:09 Ring Archer Armor
姬七兮
10:41 Feudal Age
12:43 Double-Bit Axe
14:59 Castle Age
13:38 Horse Collar
15:10 Forging
15:24 Loom
16:49 Pikeman
21:15 Bow Saw
26:00 Wheelbarrow
26:27 Heavy Plow
27:07 Iron Casting
28:47 Bloodlines
29:07 Szlachta Privileges
29:09 Scale Barding Armor
31:20 Husbandry
33:06 Chain Barding Armor
36:58 Imperial Age
38:48 Blast Furnace
38:03 Cavalier
Kaiser Ze
9:03 Loom
11:05 Feudal Age
20:45 Horse Collar
26:46 Castle Age
24:28 Man-at-Arms
26:44 Man-at-Arms
27:31 Pikeman
34:45 Man-at-Arms
38:58 Double-Bit Axe
739697286
11:19 Feudal Age
12:08 Double-Bit Axe
15:05 Castle Age
12:54 Horse Collar
16:11 Bow Saw
16:31 Heavy Plow
19:39 Loom
21:18 Wheelbarrow
22:32 Hand Cart
24:04 Gold Mining
25:49 Gold Shaft Mining
25:06 Stone Mining
28:12 Imperial Age
25:44 Pikeman
28:01 Man-at-Arms
28:51 Halberdier
29:53 Fletching
30:14 Forging
30:04 Scale Mail Armor
30:14 Forging
30:04 Scale Mail Armor
30:14 Forging
30:04 Scale Mail Armor
30:14 Forging
30:05 Scale Mail Armor
30:15 Forging
30:05 Scale Mail Armor
30:15 Forging
30:05 Scale Mail Armor
30:15 Forging
30:06 Scale Mail Armor
30:16 Forging
32:09 Stone Shaft Mining
32:18 Iron Casting
32:57 Town Watch
32:37 Heavy Scorpion
33:10 Long Swordsman
33:35 Gambesons
34:58 Bodkin Arrow
36:25 Two-Handed Swordsman
Connection lost

Rejoining the realm…

Still unreachable

The connection could not be restored.

Session expired

The server has moved on; the page needs a fresh start.